 Dungeon Crawl Stone Soup version 0.30.1-4-g462c640d31 (webtiles) character file.

Game seed: 11866768074188424863

14 ChiefBigBeans the Magician (level 2, 0/21 HPs)
             Began as a Djinni Fire Elementalist on Sept 5, 2023.
             Slain by a rat (1 damage)
             ... on level 1 of the Dungeon.
             The game lasted 00:01:49 (561 turns).

ChiefBigBeans the Magician (DjFE)                    Turns: 561, Time: 00:01:49

Health: 0/21       AC:  2    Str:  7    XL:     2   Next: 55%
Gold:   84         EV: 12    Int: 16    God:
                   SH:  5    Dex: 13

rFire   + + .        (no weapon)
rCold   x . .        (no shield)
rNeg    . . .        a - +0 robe
rPois   ∞            (no helmet)
rElec   .            (no cloak)
rCorr   .            (no gloves)
SInv    .            (boots unavailable)
Will    .....        c - amulet of reflection
Stlth   ++           (no ring)
HPRegen 0.23/turn    (no ring)
MPRegen 0.00/turn

%: reflection, infuse magic (-1 HP)
@: flying
A: sickness immunity, fire resistance 2, cold vulnerability 1, float, innate
caster, HP casting, extra vitality 1
a: no special abilities


You were on level 1 of the Dungeon.
You visited 1 branch of the dungeon, and saw 1 of its levels.

You collected 84 gold pieces.

Inventory:

Armour
 a - a +0 robe (worn)
Jewellery
 c - an amulet of reflection (around neck)
Scrolls
 b - a scroll of fog {unknown}
 e - a scroll of butterflies {unknown}
Potions
 d - a potion of brilliance {unknown}


   Skills:
 + Level 2.6 Dodging
 - Level 2.0 Stealth
 + Level 2.6 Spellcasting


You knew the following spells:

 Your Spells              Type           Power      Damage    Failure   Level
a - Foxfire               Conj/Fire      40%        2x1d6     7%          1
b - Scorch                Fire           20%        2d5       10%         2
c - Volatile Blastmotes   Fire/Tloc      20%        2d11      21%         3
d - Inner Flame           Hex/Fire       10%        N/A       21%         3
e - Flame Wave            Conj/Fire      10%        2d6       54%         4
Your spell library was empty.

Dungeon Overview and Level Annotations

Branches:
Dungeon (1/15)

Altars:


Innate Abilities, Weirdness & Mutations

You are immune to sickness and miasma.
You are immune to poison.
Your flesh is very heat resistant. (rF++)
You are vulnerable to cold. (rC-)
You float through the air rather than walking.
You learn spells naturally, not from books.
Your magical power is your life essence.
You have superior vitality. (+4 MHP)


Message History

The rat closely misses you. The rat bites you. The rat bites you.
The rat misses you. The rat completely misses you. The rat bites you.
The rat barely misses you. The rat bites you. The rat bites you.
* * * LOW HITPOINT WARNING * * *
The rat bites you but does no damage. The rat barely misses you.
The rat barely misses you. The rat barely misses you. The rat misses you.
You block the rat's attack. You block the rat's attack.
The rat barely misses you. The rat bites you. The rat closely misses you.
The rat misses you. The rat bites you.
* * * LOW HITPOINT WARNING * * *
The rat closely misses you. The rat closely misses you. The rat misses you.
The rat misses you. The rat bites you.
* * * LOW HITPOINT WARNING * * *
The rat bites you.
* * * LOW HITPOINT WARNING * * *
The rat bites you.
* * * LOW HITPOINT WARNING * * *
The rat misses you. You block the rat's attack. You block the rat's attack.
The rat bites you.
* * * LOW HITPOINT WARNING * * *
The rat bites you.
You die...

####.................# #.
####..........######.# #.
...#....:.........##.# #.#####.
..................##.# #.......
..................##.###########.
..................##.#...........
..................##.#.##########
................r.##.#.#.........
...... .......@.##.#.#.########
...... .........##.#.#.########
...... ........................
..... .........##.#.#.########
.... .........##.#.#.........
.... .........##.#.##########
#### ###########.... ###.# ...


You could see a rat.

Vanquished Creatures
  A ball python (D:1)
  A bat (D:1)
  An endoplasm (D:1)
  2 goblins (D:1)
  2 jackals (D:1)
  2 kobolds (D:1)
  A frilled lizard (D:1)
  2 rats (D:1)
12 creatures vanquished.

Vanquished Creatures (others)
  38 foxfires (D:1)
38 creatures vanquished.

Grand Total: 50 creatures vanquished

Notes
Turn   | Place    | Note
-------+----------+-------------------------------------------
     0 | D:1      | ChiefBigBeans the Djinni Fire Elementalist began the quest
                  | for the Orb.
     0 | D:1      | ChiefBigBeans set off with the following spells memorised:
                  | Foxfire, Scorch, Volatile Blastmotes, Inner Flame, Flame
                  | Wave.
     0 | D:1      | Reached XP level 1. HP: 15/15 MP: 0/0
   132 | D:1      | Reached XP level 2. HP: 14/21 MP: 0/0
   556 | D:1      | HP: 1/21 [rat (1)]
   561 | D:1      | Slain by a rat

Illustrated notes

Levels and vault maps discovered:
D:1:      dpeg_arrival_boxes_within_box, layout_basic, serial_shops,
          nicolae_shop_stone, minmay_pentomino_t4

Skill      XL: |  1  2 |
---------------+-------+-----
Stealth        | 2 |  2.0
Dodging        | |  2.6
Spellcasting   | |  2.6

Action                     || total
---------------------------++-------
  Melee: Unarmed           ||     3
   Cast: Foxfire           ||    25
 Armour: Robe              ||    15
  Dodge: Dodged            ||    57
  Block: Other             ||    15
